 Dungeon Crawl Stone Soup version 0.16-a0-4111-gf762223 (webtiles) character file.

2869 dithyrambik the Conjurer (level 9, 10/52 HPs)
             Began as a Gargoyle Wizard on Feb 26, 2015.
             Was a Follower of Vehumet.
             Quit the game on level 8 of the Dungeon.
             The game lasted 01:31:20 (11967 turns).

dithyrambik the Conjurer (Gargoyle Wizard)         Turns: 11967, Time: 01:31:21

Health: 10/52      AC: 16    Str: 11      XL:     9   Next: 76%
Magic:  13/20      EV: 12    Int: 15 (22) God:    Vehumet [*.....]
Gold:   552        SH:  0    Dex:  8      Spells: 6 memorised, 3 levels left

rFire  . . .     SeeInvis .     u - +3 short sword (protect)
rCold  . . .     Clarity  .     a - +0 robe
rNeg   + . .     SustAb   .     (no shield)
rPois  ∞         Gourm    .     r - +1 helmet
rElec  +         Spirit   .     B - +0 cloak
rCorr  .         Warding  .     (no gloves)
rMut   .         Stasis   .     (no boots)
MR     .....                    (no amulet)
Stlth  ++........               (no ring)
                                (no ring)

@: very slightly contaminated, slowed, repel missiles, very slow, not resistant
to hostile enchantments, unstealthy
A: negative energy resistance 1, electricity resistance, unbreathing,
petrification resistance, rot immunity, AC +5
a: Renounce Religion


You were on level 8 of the Dungeon.
You worshipped Vehumet.
Vehumet was aware of your devotion.
You were not hungry.

You visited 2 branches of the dungeon, and saw 9 of its levels.

You collected 552 gold pieces.

Inventory:

Hand weapons
 h - a +1 dagger of electrocution
 o - a +2 flail of venom
 u - a +3 short sword of protection (weapon)
 y - a +2 mace of holy wrath
 I - a +0 dagger of venom
 M - a +4 dagger
 O - a +2 flail of venom
Armour
 a - a +0 robe (worn)
 b - a +0 hat
 r - a +1 helmet (worn)
 B - a +0 cloak (worn)
 E - a +0 chain mail
Magical devices
 k - a wand of flame (4)
 C - a wand of disintegration (5)
Scrolls
 f - 4 scrolls of teleportation
 j - a scroll of random uselessness {unknown}
 p - a scroll of amnesia
 t - 2 scrolls of enchant armour
 D - a scroll of blinking
 H - 2 scrolls of magic mapping {unknown}
 K - 3 scrolls of remove curse
 N - a scroll of recharging
Potions
 e - 2 potions of invisibility
 g - 3 potions of curing
 l - a potion of degeneration
 n - a potion of flight
 q - a potion of heal wounds
 s - a potion of ambrosia
 w - a potion of restore abilities {unknown}
 x - a potion of magic {unknown}
 z - a potion of lignification {unknown}
 F - 2 potions of might {unknown}
 J - a potion of brilliance {unknown}
 L - a potion of haste
Books
 c - a book of Minor Magic

   Spells                             Type                      Level
   a - Magic Dart                     Conjuration                  1
   b - Blink                          Translocation                2
   c - Call Imp                       Summoning                    2
   d - Repel Missiles                 Charms/Air                   2
   e - Slow                           Hexes                        2
   f - Conjure Flame                  Conjuration/Fire             3
   g - Mephitic Cloud                 Conjuration/Poison/Air       3
 v - a book of Maledictions

   Spells                             Type                      Level
   a - Corona                         Hexes                        1
   b - Sure Blade                     Hexes/Charms                 2
   c - Ensorcelled Hibernation        Hexes/Ice                    2
   d - Confuse                        Hexes                        3
   e - Dazzling Spray                 Conjuration/Hexes            3
   f - Enslavement                    Hexes                        4
 G - a book of Control

   Spells                             Type                      Level
   a - Control Teleport               Charms/Translocation         4
   b - Control Undead                 Necromancy                   4
   c - Enslavement                    Hexes                        4
   d - Metabolic Englaciation         Hexes/Ice                    5
   e - Mass Confusion                 Hexes                        6
Comestibles
 d - 3 bread rations
 i - 6 chunks of flesh
 m - a royal jelly
 A - 11 fruits


   Skills:
 + Level 4.5 Fighting
 + Level 1.5 Maces & Flails
 + Level 4.7 Armour
 + Level 4.0 Dodging
 - Level 2.1 Stealth
 - Level 4.1 Spellcasting
 - Level 7.6 Conjurations
 - Level 5.1 Summonings
 - Level 0.8 Translocations
 - Level 1.6 Fire Magic
 - Level 2.0 Air Magic
 - Level 2.2 Poison Magic


You had 3 spell levels left.
You knew the following spells:

 Your Spells              Type           Power        Failure   Level  Hunger
a - Magic Dart            Conj           ####         1%          1    None
b - Blink                 Tloc           N/A          21%         2    ##.....
c - Call Imp              Summ           ###.....     3%          2    ##.....
d - Mephitic Cloud        Conj/Pois/Air  ###.....     12%         3    ###....
e - Repel Missiles        Chrm/Air       #.....       17%         2    ##.....
f - Conjure Flame         Conj/Fire      ###.....     10%         3    ###....


Dungeon Overview and Level Annotations

Branches:
Dungeon (8/15)             Temple (1/1) D:6
   Lair: D:8-11

Altars:
Ashenzari
Cheibriados
Dithmenos
Fedhas
Gozag
Kikubaaqudgha
Makhleb
Nemelex Xobeh
Qazlal
Ru
Sif Muna
Trog
Vehumet
Xom
Yredelemnul
The Shining One


Innate Abilities, Weirdness & Mutations

You are resistant to torment.
You are immune to poison.
Your stone body is very resilient (AC +5).
You resist negative energy.
You are resistant to electric shocks.
You can survive without breathing.
You are immune to petrification.
You are immune to rotting.


Message History

You closely miss the necrophage.
The necrophage is lightly damaged.
The orc wizard hits you but does no damage.
The necrophage barely misses you. The orc closely misses you.
The orc wizard misses you. The necrophage barely misses you.
The orc hits you but does no damage.
Your crimson imp hits the orc wizard.
Some of the chunks of flesh in your inventory have rotted away.
You puncture the necrophage!
The necrophage is moderately damaged.
The orc wizard points at you and mumbles some strange words.
The magic dart hits you!
* * * LOW HITPOINT WARNING * * *
The orc misses you. The orc wizard misses you.
The necrophage completely misses you.
Your crimson imp closely misses the orc wizard.
The orc hits you but does no damage. The orc wizard misses you.
The orc closely misses you.
Are you sure you want to abandon this character and quit the game? (Confirm with "yes".)
Okay, then.
Are you sure you want to abandon this character and quit the game? (Confirm with "yes".)

##...##'####....
#....#...........
####...'...........
..##...#...........
..#....##...####'#####
..#....##...##.......##
..+.....#.............#
§.#.....#.....5oo.....+
).#.....#.....on@.....#
..#.....#.............#
..#...))'...##.......##
..##..[##'####.......#
.)##...##... #.......#
...)...#.............#
.).)...+.............#
...>...#.............
..##.5.#....##....


You could see a necrophage, an orc wizard, 2 orcs and a friendly crimson imp.

Vanquished Creatures
  A wyvern (D:8)
  A water moccasin (D:7)
  3 ice beasts
  An orc warrior (D:7)
  2 phantoms (D:5)
  The ghost of Speissi the Charmwright, an average DrSk (D:3)
  A centaur (D:6)
  4 ogres
  2 big kobolds (D:6)
  Dowan (D:5)
  A crimson imp (D:5)
  An electric eel (D:6)
  2 goliath beetles (D:6)
  A giant frog zombie (D:7)
  3 hounds
  4 jellies
  3 orc priests
  A worker ant (D:6)
  2 orc wizards
  Ijyb (D:5)
  Robin (D:2)
  7 gnolls
  7 adders
  2 giant mites
  A worm (D:2)
  5 giant geckos
  An ooze (D:1)
  26 orcs
  3 ball pythons
  A bat skeleton (D:4)
  5 giant cockroaches
  35 goblins
  40 hobgoblins
  4 jackals
  5 quokkas
  12 bats
  A giant gecko skeleton (D:4)
  8 giant newts
  15 kobolds
  A quokka skeleton (D:8)
  20 rats
236 creatures vanquished.

Vanquished Creatures (collateral kills)
  Menkaure (D:5)
  A necrophage (D:8)
  2 orc warriors
  Duvessa (D:5)
  7 crimson imps
  3 orc wizards (D:6)
  2 worker ants
  A killer bee zombie (D:6)
  An adder (D:2)
  2 gnolls
  A shadow imp (D:7)
  10 orcs
  A giant cockroach (D:5)
  6 hobgoblins
  A jackal (D:2)
  A kobold (D:3)
  8 goblins (D:6)
  2 rats
51 creatures vanquished.

Vanquished Creatures (others)
  An electric eel (D:6)
  An orc priest (D:8)
  5 crimson imps
  2 shadow imps
  5 white imps
  An orc (D:3)
15 creatures vanquished.

Grand Total: 302 creatures vanquished

Notes
Turn   | Place    | Note
--------------------------------------------------------------
     0 | D:1      | dithyrambik, the Gargoyle Wizard, began the quest for the Orb.
     0 | D:1      | Reached XP level 1. HP: 10/10 MP: 4/4
   271 | D:1      | Reached XP level 2. HP: 15/15 MP: 3/6
   303 | D:1      | Learned a level 2 spell: Blink
   306 | D:1      | Learned a level 2 spell: Call Imp
   660 | D:1      | Reached XP level 3. HP: 6/19 MP: 1/7
   875 | D:1      | Learned a level 3 spell: Mephitic Cloud
   955 | D:1      | Reached skill level 1 in Summonings
  1363 | D:2      | Reached skill level 1 in Poison Magic
  1523 | D:2      | Reached XP level 4. HP: 20/24 MP: 2/9
  2083 | D:2      | Noticed Robin
  2097 | D:2      | Killed Robin
  2293 | D:2      | Noticed an ogre
  2304 | D:2      | Killed an ogre
  2304 | D:2      | Reached XP level 5. HP: 28/28 MP: 3/11
  3191 | D:3      | Reached skill level 4 in Conjurations
  3311 | D:3      | Noticed Speissi's ghost (average DrSk)
  3344 | D:3      | Killed Speissi's ghost
  3344 | D:3      | Reached skill level 1 in Air Magic
  3344 | D:3      | Reached XP level 6. HP: 27/32 MP: 7/12
  4342 | D:4      | Found an opulent altar of Gozag.
  4645 | D:4      | Reached skill level 5 in Conjurations
  4645 | D:4      | Reached XP level 7. HP: 36/36 MP: 5/14
  5332 | D:5      | Entered Level 5 of the Dungeon
  5468 | D:5      | Noticed Menkaure
  5479 | D:5      | Killed Menkaure
  5651 | D:5      | Found a snail-covered altar of Cheibriados.
  5953 | D:5      | Noticed Dowan
  5955 | D:5      | Noticed Duvessa
  5971 | D:5      | Killed Duvessa
  5971 | D:5      | Reached XP level 8. HP: 18/41 MP: 4/17
  5983 | D:5      | Killed Dowan
  5983 | D:5      | Reached skill level 6 in Conjurations
  6193 | D:5      | Noticed Ijyb
  6212 | D:5      | Killed Ijyb
  7211 | D:6      | Reached skill level 1 in Armour
  7294 | D:6      | Reached skill level 1 in Fighting
  7805 | D:6      | Found a staircase to the Ecumenical Temple.
  7861 | Temple   | Entered the Ecumenical Temple
  7974 | Temple   | Became a worshipper of Sif Muna the Loreminder
  8027 | D:6      | Reached skill level 5 in Summonings
  8982 | D:6      | Reached skill level 7 in Conjurations
  9000 | D:6      | Reached XP level 9. HP: 45/49 MP: 15/20
  9738 | D:6      | Learned a level 2 spell: Repel Missiles
  9743 | D:6      | Learned a level 3 spell: Conjure Flame
  9807 | D:6      | Fell from the grace of Sif Muna
 10109 | D:7      | Found a shimmering altar of Xom.
 10136 | D:7      | Found a radiant altar of Vehumet.
 10138 | D:7      | Found a sparkling altar of Nemelex Xobeh.
 10158 | D:7      | Found a glowing golden altar of the Shining One.
 10158 | D:7      | Found a shattered altar of Ashenzari.
 10164 | D:7      | Became a worshipper of Vehumet
 10368 | D:7      | Reached skill level 1 in Fire Magic
 10755 | D:7      | Acquired Vehumet's first power
 10755 | D:7      | Offered knowledge of Flame Tongue by Vehumet.
 11542 | D:8      | Reached skill level 1 in Maces & Flails
 11967 | D:8      | Quit the game

Action                   |  1- 3 |  4- 6 |  7- 9 || total
-------------------------+-------+-------+-------++-------
Melee: Unarmed           |    12 |       |       ||    12
       Club              |    35 |       |       ||    35
       Whip              |     4 |    33 |       ||    37
       Short sword       |       |    85 |   397 ||   482
       Dagger            |       |       |    44 ||    44
 Cast: Magic Dart        |    79 |    96 |   202 ||   377
       Call Imp          |     2 |    14 |    68 ||    84
       Mephitic Cloud    |       |     6 |    23 ||    29
       Blink             |       |       |     5 ||     5
       Repel Missiles    |       |       |     1 ||     1
Invok: Renounce Religion |       |       |     1 ||     1
Evoke: Wand              |       |       |     2 ||     2
  Use: Scroll            |       |     9 |    10 ||    19
       Potion            |       |       |     3 ||     3
 Stab: Confused          |       |     3 |     7 ||    10
       Sleeping          |       |     2 |       ||     2
       Distracted        |       |       |     2 ||     2
  Eat: Chunk             |     2 |     6 |    26 ||    34
       Bread ration      |       |     1 |       ||     1
       Fruit             |       |       |     1 ||     1
       Beef jerky        |       |       |     1 ||     1
